 Dungeon Crawl Stone Soup version 0.26-a0-566-gbc9326e (webtiles) character file.

Game seed: 16733835575878501839

35 B1Gdaddy5 the Bolt Thrower (level 3, -2/22 HPs)
             Began as a Kobold Hunter on Aug 20, 2020.
             Slain by a hobgoblin
             ... wielding a +0 club
             ... led by Robin
              (5 damage)
             ... on level 2 of the Dungeon.
             The game lasted 00:10:56 (1313 turns).

B1Gdaddy5 the Bolt Thrower (Kobold Hunter)          Turns: 1313, Time: 00:10:59

Health: -2/22      AC:  3    Str:  9    XL:     3   Next: 52%
Magic:  3/3        EV: 15    Int: 12    God:
Gold:   47         SH:  0    Dex: 16    Spells: 2/2 levels left

rFire    . . .     SeeInvis .   a - +1 hand crossbow
rCold    . . .     Faith    .   (shield restricted)
rNeg     . . .     Spirit   .   c - +0 leather armour
rPois    .         Reflect  .   (no helmet)
rElec    .         Harm     .   (no cloak)
rCorr    .                      (no gloves)
MR       .....                  (no boots)
Stlth    +++.......             (no amulet)
HPRegen  0.07/turn              (no ring)
MPRegen  0.08/turn              (no ring)

@: no status effects
A: small, nightstalker 3
a: no special abilities


You were on level 2 of the Dungeon.
You visited 1 branch of the dungeon, and saw 2 of its levels.

You collected 47 gold pieces.

Inventory:

Hand Weapons
 a - a +1 hand crossbow (weapon)
 b - a +0 short sword
 j - a +0 whip
Missiles
 d - 32 bolts (quivered)
 g - 23 poisoned darts
 l - 29 arrows
 m - 64 stones
Armour
 c - a +0 leather armour (worn)
Scrolls
 e - a scroll of remove curse {unknown}
 h - 2 scrolls of enchant weapon {unknown}
 i - a scroll of teleportation {unknown}
Potions
 f - 3 potions of lignification {unknown}
 k - a potion of curing {unknown}


   Skills:
 + Level 2.3 Fighting
 + Level 5.8 Crossbows
 + Level 0.3 Armour
 + Level 2.8 Dodging
 + Level 1.4 Stealth


You had 2 spell levels left.
You didn't know any spells.
Your spell library was empty.

Dungeon Overview and Level Annotations

Branches:
Dungeon (2/15)

Altars:

Annotations:
D:2 Robin


Innate Abilities, Weirdness & Mutations

You are small and have problems with some larger weapons.
You are completely attuned to the shadows.


Message History

Robin closely misses you.
Really attack while wielding your +1 hand crossbow? [Y]es or [N]o only, please.
Really attack while wielding your +1 hand crossbow? [Y]es or [N]o only, please.
Really attack while wielding your +1 hand crossbow? [Y]es or [N]o only, please.
Really attack while wielding your +1 hand crossbow? [Y]es or [N]o only, please.
Really attack while wielding your +1 hand crossbow? [Y]es or [N]o only, please.
Really attack while wielding your +1 hand crossbow?
Okay, then.
Firing (i - inventory. (/) - cycle)
d - 33 bolts (quivered)
Press: ? - help, Shift-Dir - straight line, f/p - Robin
Aim: Robin, wielding a +2 short sword of distortion, wearing a +0 animal skin and wearing a +0 helmet (moderately wounded)
You shoot a bolt. The bolt hits Robin.
Robin is heavily wounded.
The adder misses you. The hobgoblin hits you with a +0 club.
You die...

#.......?..#
#...........
#.(.........
#gggg....(..
#g@S......##.
#####ggg.........
....(..........#
....#....†.....#
...............#
.......^..†)...#
...........).....
#..##........###
?# #<.(....##


You could see Robin, an adder, 3 hobgoblins and 4 goblins.

Vanquished Creatures
  An ooze (D:2)
  A ball python (D:1)
  2 bats
  A giant cockroach (D:2)
  4 hobgoblins
  3 jackals (D:1)
  5 kobolds (D:1)
  3 frilled lizards
  6 goblins
26 creatures vanquished.

Notes
Turn   | Place    | Note
-------+----------+-------------------------------------------
     0 | D:1      | B1Gdaddy5 the Kobold Hunter began the quest for the Orb.
     0 | D:1      | Reached XP level 1. HP: 12/12 MP: 1/1
   316 | D:1      | Reached skill level 5 in Crossbows
   464 | D:1      | Reached XP level 2. HP: 17/17 MP: 2/2
  1236 | D:2      | Reached XP level 3. HP: 21/21 MP: 3/3
  1305 | D:2      | Noticed Robin
  1313 | D:2      | Slain by a hobgoblin

Illustrated notes

Levels and vault maps discovered:
D:1:      minmay_arrival_nine_rooms, layout_loops_cross
D:2:      layout_rooms, serial_corexii_hall, corexii_hall_statues_x,
          chequers_hall_statues_corner_a, minmay_indecisive_spiral, uniq_robin

Skill      XL: |  1 |
---------------+----+-----
Crossbows      | 5 |  5.8
Fighting       | |  2.3
Armour         | |  0.3
Dodging        | |  2.8
Stealth        | |  1.4

Action                   || total
-------------------------++-------
 Fire: Hand crossbow     ||    54
Armor: Leather armour    ||     7
Dodge: Dodged            ||    44

Table legend: (Time is in decaauts)
 A = Elapsed time spent in this place.
 B = Non-inter-level travel time spent in this place.
 C = Inter-level travel time spent in this place.
 D = Time resting spent in this place.
 E = Time spent auto-exploring this place.
 F = Levels seen in this place.
 G = Mean time per level.
                   A        B        C        D        E       F      G
               +--------+--------+--------+--------+--------+-----+--------+
         Total |   1324 |   1279 |     45 |    330 |    591 |   2 |  662.0 |
       Dungeon |   1324 |   1279 |     45 |    330 |    591 |   2 |  662.0 |
               +--------+--------+--------+--------+--------+-----+--------+

Top non-repeatable levels by time:
     D:1: 1233 daAuts
     D:2: 90 daAuts
